[ AOE2 MATCH · #493398610 ]
UnrankedMalians vs Berbers
Player's team · WIN
Rival team · LOSS
[ REPLAY ANALYSIS · EXTRACTED FROM THE RECORDED GAME ]
Feudal
11:07
Castle
21:12
Imperial
40:04
| APM avg | 87.5 |
| APM peak | 137 |
| eAPM avg | 48.3 |
| Villagers / military | 159 / 144 |
Focus
⚔️ 53.2% · 🌾 46.8%
Militia ×66 · Archer ×23 · Gbeto ×18 · Spearman ×12 · Battering Ram ×10 · Skirmisher ×8
Feudal
8:51
Castle
20:55
Imperial
36:46
| APM avg | 77.7 |
| APM peak | 136 |
| eAPM avg | 24.9 |
| Villagers / military | 131 / 61 |
Focus
⚔️ 24.0% · 🌾 76.0%
Camel Archer ×19 · Skirmisher ×13 · Monk ×9 · Knight ×8 · Mangonel ×4 · Spearman ×2
Match map
Initial resources + every placement click. Lines = walls · curves = elevation contours. ◆ gold · ⬟ stone · ● berries · ✦ relic · ◌ wall gap
Your base· Open — 7t gap
OS+ | Sziky's base· Open — unwalled flank
Smoothed initial terrain · ◌ = detected wall gap · hover for details
Inputs per minute
— Oni.TheViper - - OS+ | Sziky
Build order — Oni.TheViper
First 150 of 508 actions detected
| 0:00 | Create | Villager (Male) |
| 0:00 | Create | Villager (Male) |
| 0:01 | Build | House |
| 0:02 | Build | House |
| 0:03 | Create | Villager (Male) |
| 0:04 | Create | Villager (Male) |
| 1:23 | Create | Villager (Male) |
| 1:47 | Build | Lumber Camp |
| 1:50 | Create | Villager (Male) |
| 2:10 | Create | Villager (Male) |
| 2:45 | Create | Villager (Male) |
| 2:57 | Create | Villager (Male) |
| 3:02 | Build | House |
| 3:24 | Build | Mill |
| 3:35 | Create | Villager (Male) |
| 3:54 | Create | Villager (Male) |
| 4:19 | Create | Villager (Male) |
| 4:34 | Create | Villager (Male) |
| 4:46 | Create | Villager (Male) |
| 5:08 | Create | Villager (Male) |
| 5:33 | Build | Barracks |
| 5:35 | Create | Villager (Male) |
| 5:38 | Create | Villager (Male) |
| 5:57 | Build | House |
| 6:01 | Create | Villager (Male) |
| 6:09 | Create | Villager (Male) |
| 6:27 | Create | Militia |
| 6:27 | Create | Militia |
| 6:43 | Create | Militia |
| 6:51 | Create | Villager (Male) |
| 7:13 | Build | House |
| 7:50 | Create | Villager (Male) |
| 7:55 | Build | Mill |
| 8:31 | Research | Loom |
| 8:43 | Research | Feudal Age |
| 8:47 | Build | Lumber Camp |
| 8:56 | Build | Mining Camp |
| 10:24 | Create | Villager (Male) |
| 10:28 | Build | House |
| 10:58 | Create | Villager (Male) |
| 11:07 | Age | Feudal Age |
| 11:07 | Research | Double-Bit Axe |
| 11:09 | Build | Archery Range |
| 11:11 | Build | Archery Range |
| 11:15 | Create | Spearman |
| 11:16 | Create | Villager (Male) |
| 11:27 | Create | Spearman |
| 11:41 | Create | Villager (Male) |
| 11:48 | Build | House |
| 11:56 | Create | Villager (Male) |
| 12:04 | Create | Villager (Male) |
| 12:06 | Build | House |
| 12:07 | Create | Archer |
| 12:08 | Create | Archer |
| 12:12 | Build | House |
| 12:14 | Build | Blacksmith |
| 12:22 | Create | Archer |
| 12:22 | Create | Archer |
| 12:23 | Create | Villager (Male) |
| 12:27 | Build | Farm |
| 12:44 | Build | House |
| 12:52 | Build | House |
| 12:53 | Build | House |
| 12:53 | Build | Palisade Wall |
| 12:56 | Build | House |
| 12:56 | Build | House |
| 12:58 | Create | Villager (Male) |
| 12:59 | Create | Archer |
| 12:59 | Create | Archer |
| 13:02 | Build | Farm |
| 13:11 | Build | House |
| 13:14 | Build | House |
| 13:15 | Build | House |
| 13:23 | Create | Archer |
| 13:23 | Create | Archer |
| 13:29 | Create | Villager (Male) |
| 13:39 | Research | Fletching |
| 13:47 | Build | House |
| 13:48 | Build | House |
| 13:49 | Create | Villager (Male) |
| 14:00 | Build | Farm |
| 14:11 | Build | Farm |
| 14:12 | Build | Farm |
| 14:29 | Create | Archer |
| 14:29 | Create | Archer |
| 14:47 | Build | Farm |
| 14:51 | Create | Archer |
| 14:54 | Create | Archer |
| 14:55 | Create | Villager (Male) |
| 15:05 | Build | Farm |
| 15:19 | Create | Archer |
| 15:19 | Create | Archer |
| 15:20 | Create | Villager (Male) |
| 15:26 | Build | Farm |
| 15:32 | Build | Farm |
| 15:36 | Create | Archer |
| 15:37 | Create | Archer |
| 15:46 | Create | Archer |
| 15:50 | Create | Archer |
| 15:59 | Create | Villager (Male) |
| 16:06 | Create | Archer |
| 16:13 | Build | Farm |
| 16:28 | Create | Villager (Male) |
| 16:32 | Build | Farm |
| 16:43 | Build | Farm |
| 17:03 | Create | Archer |
| 17:03 | Create | Archer |
| 17:06 | Create | Villager (Male) |
| 17:16 | Build | Farm |
| 17:18 | Build | Farm |
| 17:23 | Create | Villager (Male) |
| 17:35 | Build | Market |
| 17:45 | Create | Archer |
| 17:45 | Create | Archer |
| 17:51 | Create | Villager (Male) |
| 18:14 | Build | Farm |
| 18:15 | Build | Farm |
| 18:16 | Build | Farm |
| 18:32 | Research | Castle Age |
| 18:32 | Research | Castle Age |
| 19:18 | Research | Man-at-Arms (upgrade) |
| 19:36 | Research | Scale Mail Armor |
| 19:40 | Build | Barracks |
| 19:53 | Research | Arson |
| 20:01 | Build | Barracks |
| 20:09 | Build | House |
| 20:17 | Create | Militia |
| 20:32 | Create | Militia |
| 20:51 | Create | Militia |
| 20:52 | Create | Militia |
| 21:12 | Age | Castle Age |
| 21:15 | Research | Long Swordsman (upgrade) |
| 21:15 | Research | Squires |
| 21:19 | Create | Militia |
| 21:21 | Research | Long Swordsman (upgrade) |
| 21:28 | Build | Siege Workshop |
| 21:28 | Create | Villager (Male) |
| 21:29 | Build | Farm |
| 21:30 | Create | Villager (Male) |
| 21:31 | Build | Town Center |
| 21:43 | Build | Town Center |
| 21:46 | Create | Militia |
| 21:47 | Create | Militia |
| 21:53 | Create | Villager (Male) |
| 21:56 | Create | Militia |
| 21:56 | Create | Militia |
| 22:01 | Build | Farm |
| 22:17 | Research | Chain Mail Armor |
| 22:20 | Build | Farm |
| 22:31 | Create | Militia |
Build order — OS+ | Sziky
First 150 of 359 actions detected
| 0:00 | Create | Villager (Male) |
| 0:01 | Build | House |
| 0:02 | Build | House |
| 0:09 | Create | Villager (Male) |
| 0:09 | Create | Villager (Male) |
| 0:33 | Create | Villager (Male) |
| 1:27 | Create | Villager (Male) |
| 1:53 | Build | Mill |
| 1:57 | Create | Villager (Male) |
| 2:19 | Create | Villager (Male) |
| 2:46 | Create | Villager (Male) |
| 3:07 | Create | Villager (Male) |
| 3:27 | Create | Villager (Male) |
| 3:44 | Build | House |
| 3:45 | Build | House |
| 3:55 | Create | Villager (Male) |
| 4:14 | Create | Villager (Male) |
| 4:54 | Create | Villager (Male) |
| 5:04 | Create | Villager (Male) |
| 5:06 | Create | Villager (Male) |
| 5:06 | Research | Loom |
| 5:37 | Build | Lumber Camp |
| 6:29 | Research | Feudal Age |
| 7:04 | Create | Villager (Male) |
| 7:47 | Build | Barracks |
| 8:47 | Build | House |
| 8:51 | Age | Feudal Age |
| 8:52 | Create | Spearman |
| 8:53 | Research | Double-Bit Axe |
| 9:00 | Create | Villager (Male) |
| 9:17 | Build | Stable |
| 9:22 | Create | Villager (Male) |
| 9:40 | Create | Villager (Male) |
| 9:47 | Build | Farm |
| 9:48 | Build | Farm |
| 9:49 | Create | Villager (Male) |
| 9:59 | Create | Scout Cavalry |
| 10:01 | Build | House |
| 10:24 | Build | Mill |
| 10:25 | Create | Villager (Male) |
| 10:53 | Create | Scout Cavalry |
| 10:56 | Build | Archery Range |
| 11:04 | Build | House |
| 11:15 | Build | Farm |
| 11:22 | Create | Villager (Male) |
| 11:25 | Build | Farm |
| 11:45 | Build | House |
| 11:49 | Build | Farm |
| 11:51 | Build | Farm |
| 11:54 | Create | Villager (Male) |
| 12:04 | Create | Archer |
| 12:12 | Create | Villager (Male) |
| 12:15 | Build | Palisade Wall |
| 12:30 | Create | Skirmisher |
| 12:40 | Create | Skirmisher |
| 12:43 | Create | Villager (Male) |
| 12:45 | Build | Farm |
| 12:47 | Build | Farm |
| 13:00 | Create | Skirmisher |
| 13:06 | Build | Farm |
| 13:08 | Build | Farm |
| 13:12 | Create | Villager (Male) |
| 13:17 | Create | Villager (Male) |
| 13:19 | Build | House |
| 13:37 | Build | Farm |
| 13:38 | Create | Villager (Male) |
| 13:42 | Build | Farm |
| 13:44 | Create | Skirmisher |
| 13:48 | Create | Villager (Male) |
| 13:57 | Build | Outpost |
| 14:00 | Build | House |
| 14:06 | Research | Town Watch |
| 14:10 | Create | Skirmisher |
| 14:20 | Create | Villager (Male) |
| 14:23 | Create | Skirmisher |
| 14:37 | Create | Skirmisher |
| 14:47 | Create | Villager (Male) |
| 14:51 | Build | House |
| 14:56 | Create | Villager (Male) |
| 14:58 | Build | Mining Camp |
| 15:17 | Create | Skirmisher |
| 15:18 | Build | House |
| 15:23 | Create | Villager (Male) |
| 15:36 | Build | Blacksmith |
| 15:57 | Create | Skirmisher |
| 16:12 | Create | Skirmisher |
| 16:23 | Research | Fletching |
| 16:23 | Research | Fletching |
| 16:26 | Build | Palisade Wall |
| 16:33 | Create | Villager (Male) |
| 16:56 | Create | Villager (Male) |
| 17:10 | Build | Farm |
| 17:27 | Create | Villager (Male) |
| 17:31 | Build | House |
| 17:32 | Build | House |
| 17:33 | Build | House |
| 18:01 | Build | Palisade Gate |
| 18:08 | Build | Palisade Gate |
| 18:15 | Research | Castle Age |
| 18:26 | Create | Spearman |
| 18:33 | Create | Skirmisher |
| 19:04 | Research | Padded Archer Armor |
| 19:10 | Create | Villager (Male) |
| 19:51 | Create | Skirmisher |
| 20:02 | Create | Skirmisher |
| 20:09 | Build | Farm |
| 20:13 | Build | Farm |
| 20:28 | Build | Farm |
| 20:29 | Build | Farm |
| 20:55 | Age | Castle Age |
| 20:58 | Build | Town Center |
| 20:59 | Research | Bodkin Arrow |
| 21:00 | Research | Elite Skirmisher (upgrade) |
| 21:04 | Create | Villager (Male) |
| 21:19 | Research | Scale Barding Armor |
| 21:24 | Build | Farm |
| 21:25 | Build | Farm |
| 21:29 | Create | Villager (Male) |
| 21:37 | Create | Camel Scout |
| 21:39 | Create | Villager (Male) |
| 21:50 | Build | Farm |
| 22:17 | Create | Knight |
| 22:18 | Create | Villager (Male) |
| 22:26 | Build | Farm |
| 22:32 | Build | Monastery |
| 22:34 | Create | Villager (Male) |
| 22:35 | Create | Villager (Male) |
| 22:45 | Build | House |
| 22:51 | Create | Knight |
| 22:53 | Build | House |
| 22:59 | Build | House |
| 23:08 | Create | Villager (Male) |
| 23:08 | Create | Villager (Male) |
| 23:15 | Create | Monk |
| 23:19 | Build | House |
| 23:30 | Build | Siege Workshop |
| 23:41 | Build | Farm |
| 23:43 | Build | Farm |
| 23:44 | Build | Farm |
| 23:45 | Create | Villager (Male) |
| 23:59 | Create | Knight |
| 24:04 | Create | Monk |
| 24:08 | Create | Villager (Male) |
| 24:09 | Create | Villager (Male) |
| 24:44 | Create | Monk |
| 24:46 | Create | Mangonel |
| 24:57 | Create | Villager (Male) |
| 24:59 | Build | House |
| 25:02 | Build | House |
| 25:04 | Build | House |
Match timeline
| 5:33 | Oni.TheViper · first_building Barracks |
| 7:47 | OS+ | Sziky · first_building Barracks |
| 8:51 | OS+ | Sziky · age_up feudal |
| 9:17 | OS+ | Sziky · first_building Stable |
| 10:56 | OS+ | Sziky · first_building Archery Range |
| 11:07 | Oni.TheViper · age_up feudal |
| 11:09 | Oni.TheViper · first_building Archery Range |
| 12:15 | OS+ | Sziky · wall_segment Palisade Wall x5 |
| 12:53 | Oni.TheViper · wall_segment Palisade Wall x1 |
| 16:26 | OS+ | Sziky · wall_segment Palisade Wall x1 |
| 20:55 | OS+ | Sziky · age_up castle |
| 21:12 | Oni.TheViper · age_up castle |
| 21:28 | Oni.TheViper · first_building Siege Workshop |
| 21:49 | Oni.TheViper · first_market_buy 100 food |
| 22:32 | OS+ | Sziky · first_building Monastery |
| 23:14 | Oni.TheViper · first_building Monastery |
| 23:30 | OS+ | Sziky · first_building Siege Workshop |
| 24:41 | Oni.TheViper · first_market_sell 100 wood |
| 27:00 | OS+ | Sziky · wall_segment Palisade Wall x1 |
| 27:10 | OS+ | Sziky · wall_segment Palisade Wall x1 |
| 30:58 | Oni.TheViper · first_building Castle |
| 31:30 | OS+ | Sziky · first_building Castle |
| 32:29 | Oni.TheViper · wall_segment Stone Wall x1 |
| 33:04 | Oni.TheViper · wall_segment Stone Wall x1 |
| 36:46 | OS+ | Sziky · age_up imperial |
| 38:12 | OS+ | Sziky · wall_segment Stone Wall x1 |
| 38:12 | OS+ | Sziky · wall_segment Stone Wall x1 |
| 38:15 | OS+ | Sziky · wall_segment Stone Wall x1 |
| 38:38 | OS+ | Sziky · wall_segment Stone Wall x1 |
| 38:57 | OS+ | Sziky · wall_segment Stone Wall x1 |
| 39:00 | OS+ | Sziky · wall_segment Stone Wall x1 |
| 39:59 | OS+ | Sziky · wall_segment Stone Wall x2 |
| 39:59 | OS+ | Sziky · wall_segment Stone Wall x1 |
| 40:00 | OS+ | Sziky · wall_segment Stone Wall x1 |
| 40:04 | Oni.TheViper · age_up imperial |
| 41:19 | OS+ | Sziky · resign |
[ AI ANALYSIS · 1 CREDIT ]
What really happened in this match?
Wolo.gg analyzes every decision: build order, eco, micro, common mistakes by bracket. Personalized analysis on WhatsApp or Discord in 30 seconds.
Civ guide
Malians
Perfil
Jugador #196240